[Event "Live Chess"]
[Site "Chess.com"]
[Date "2024.06.02"]
[Round "-"]
[White "NeilDruggan73"]
[Black "JohanKjeldahl"]
[Result "1-0"]
[WhiteElo "1708"]
[BlackElo "1781"]
[TimeControl "300"]
[EndTime "4:34:34 PDT"]
[Termination "NeilDruggan73 won by resignation"]

1. d4 Nf6 2. Bg5 e6 3. e4 Be7 4. e5 Nd5 5. Bxe7 Qxe7 6. c4 Nb6 7.
Qd2 O-O 8. Nf3 f5 9. Bd3 c5 10. O-O cxd4 11. Nxd4 Nc6 12. Nb5 Nxe5 13. b3 d5 14. f4 Qc5+ 15. Kh1 Nxd3 16. Qxd3 dxc4 17. bxc4 a6 18. N5a3 Bd7 19. Re1 Rad8 20. Qe3 Rfe8 21. Qxc5 1-0

[Event "Live Chess"]
[Site "Chess.com"]
[Date "2024.06.02"]
[Round "-"]
[White "KeithArkell"]
[Black "Isambard_Thomas"]
[Result "1-0"]
[WhiteElo "2422"]
[BlackElo "2197"]
[TimeControl "300"]
[EndTime "4:34:36 PDT"]
[Termination "KeithArkell won by resignation"]

1. d4 Nf6 2. Nf3 d5 3. c4 c6 4. Nc3 e6 5. cxd5 exd5 6. Qc2 Be7 7. Bg5 Nbd7 8. e3 h6 9. Bh4 Nb6 10. Bd3 Bg4 11. Ne5 Be6 12. O-O Nbd7 13. Nxd7 Qxd7 14. Bxf6 gxf6 15. b4 Rg8 16. g3 Bh3 17. Rfc1 Qg4 18. Bf1 h5 19. Bxh3 Qxh3 20. Ne2 Bd6 21. Nf4 Qg4 22. Qh7 h4 23. b5 hxg3 24. hxg3 Ke7 25. Qh3 Bxf4 26. Qxg4 Rxg4 27. exf4 Kd6 28. bxc6 bxc6 29.
Rab1 Kc7 30. Rb5 Kd6 31. Rb7 Rg7 32. Kg2 f5 33. Kf3 a5 34. Re1 c5 35. Rb6+ Kd7 36. dxc5 Rc8 37. Rd6+ Kc7 38. Rxd5 f6 39. Rxf5 Kc6 40.
Re6+ 1-0

[Event "Live Chess"]
[Site "Chess.com"]
[Date "2024.06.02"]
[Round "-"]
[White "matt1979"]
[Black "Crowded_House"]
[Result "1/2-1/2"]
[WhiteElo "1413"]
[BlackElo "1657"]
[TimeControl "300"]
[EndTime "4:34:37 PDT"]
[Termination "Game drawn by repetition"]

1. f4 e6 2. Nf3 d5 3. e3 c5 4. Bb5+ Bd7 5. Bxd7+ Qxd7 6. O-O Nc6 7.
b3 Bd6 8. Bb2 Bf8 9. Ne5 Nxe5 10. Bxe5 f6 11. Bb2 O-O-O 12. d3 Ne7 13. Nd2 Nf5 14.
Qe1 Bd6 15. Nf3 Kb8 16. Nh4 Nxh4 17. Qxh4 Rdf8 18. c3 Qf7 19. a3 Qg6 20. Rad1 e5 21.
fxe5 fxe5 22. e4 d4 23. cxd4 cxd4 24. Rc1 Rxf1+ 25. Rxf1 Rc8 26. Rc1 Rxc1+ 27. Bxc1 Kc8 28. Qh3+ Kc7 29. Qf3 Qf6 30. Qe2 Qe7 31. Qc2+ Kb8 32.
Qc4 Bxa3 33. Qg8+ Kc7 34. Qc4+ Kb8 35. Qg8+ Kc7 36. Qc4+ Kb8 1/2-1/2

[Event "Live Chess"]
[Site "Chess.com"]
[Date "2024.06.02"]
[Round "-"]
[White "lateforthesky"]
[Black "r0ad_t0-gm"]
[Result "0-1"]
[WhiteElo "2057"]
[BlackElo "2284"]
[TimeControl "300"]
[EndTime "4:34:38 PDT"]
[Termination "r0ad_t0-gm won by resignation"]

1. e4 c5 2. Nf3 Nc6 3. Bb5 e5 4. O-O Bd6 5. Re1 Nf6 6. c3 O-O 7. h3 a6 8. Bf1 Be7 9. d4 cxd4 10. cxd4 Nxd4 11. Nxd4 exd4 12. Qxd4 d5 13. e5 Ne4 14.
Nc3 Bc5 15. Qxd5 Bxf2+ 16. Kh2 Qxd5 17. Nxd5 Bxe1 18. Nc7 Rb8 19. Be3 Bg3+ 20. Kg1 Bxe5 0-1

[Event "Live Chess"]
[Site "Chess.com"]
[Date "2024.06.02"]
[Round "-"]
[White "StoreySniper"]
[Black "vincents82"]
[Result "1-0"]
[WhiteElo "2501"]
[BlackElo "1997"]
[TimeControl "300"]
[EndTime "4:35:00 PDT"]
[Termination "StoreySniper won by resignation"]

1. e4 d5 2. exd5 Qxd5 3. Nc3 Qd8 4. Nf3 Bg4 5. Bc4 e6 6. d3 Nf6 7.
h3 Bxf3 8. Qxf3 c6 9. Bg5 Nbd7 10.
O-O-O Be7 11. Rhe1 Qa5 12. Bd2 Qc7 13. g4 O-O 14. g5 Nd5 15. Ne4 b5 16. Bb3 a5 17.
c4 a4 18. Bc2 Nb4 19. Bb1 Ne5 20. Qg3 Nexd3+ 21. Bxd3 Qxg3 22. Bxb4 Qc7 23. Bc3 b4 24. Bd4 c5 25. Be3 Rad8 26. f4 Rd7 27. Bc2 b3 28. axb3 axb3 29. Bxb3 Rxd1+ 30. Rxd1 Rb8 31. Bc2 Qb6 32.
b3 Ra8 33. Nc3 Qb4 34. Rd3 f6 35. h4 fxg5 36. hxg5 Rd8 37. Rxd8+ Bxd8 38. Bd2 Qa3+ 39. Kb1 Ba5 40. Nb5 Bxd2 41. Nxa3 Bxf4 42. g6 h5 43. Bd1 h4 44. Bg4 Kf8 45. Bxe6 Ke7 46. Bh3 Kf6 47.
Nc2 Kxg6 48. b4 cxb4 49. Nxb4 Bd6 50. Nd3 Kh5 51. Kc2 g5 52. Nf2 Bg3 53. Ng4 Bf4 54.
Kd3 Kg6 55. Ke4 Kf7 56. Kd5 Ke7 57. c5 Kd7 58. c6+ Kc7 59. Nf6 Kb6 60. Ne4 Bb8 61. Nf6 Kc7 62. Bg4 Kb6 63. Nd7+ Kc7 64. Nxb8 Kxb8 65.
Kd6 Ka7 66. Kd7 Ka6 67. c7 Kb6 68. c8=Q 1-0

[Event "Live Chess"]
[Site "Chess.com"]
[Date "2024.06.02"]
[Round "-"]
[White "NottheBishopSacrifice"]
[Black "kylet1990"]
[Result "1-0"]
[WhiteElo "2316"]
[BlackElo "751"]
[TimeControl "300"]
[EndTime "4:35:09 PDT"]
[Termination "NottheBishopSacrifice won by resignation"]

1. d4 c6 2. Nf3 d5 3. c4 Bf5 4. Nc3 e6 5. g3 Bb4 6. Bg2 Bxc3+ 7. bxc3 Nf6 8. O-O Nbd7 9. Qb3 O-O 10. Qxb7 Nb6 11. cxd5 cxd5 12. Ba3 Re8 13. Bc5 Nc4 14. Qa6 Be4 15. Nh4 h6 16. f3 Bg6 17. e4 Ne3 18.
Rf2 dxe4 19. Nxg6 fxg6 20. fxe4 Re7 21. e5 Nxg2 22. Kxg2 Ng4 23. Bxe7 Qxe7 24. Rf4 Ne3+ 25. Kf2 Nf5 26. Qc6 Rf8 27. Kg1 Qg5 28. Raf1 Nxg3 29.
Rxf8+ Kh7 30. hxg3 Qxg3+ 31. Qg2 1-0

[Event "Live Chess"]
[Site "Chess.com"]
[Date "2024.06.02"]
[Round "-"]
[White "ProfPoisson"]
[Black "Queensandpawns"]
[Result "0-1"]
[WhiteElo "1333"]
[BlackElo "2256"]
[TimeControl "300"]
[EndTime "4:35:11 PDT"]
[Termination "Queensandpawns won by checkmate"]

1. e4 e5 2. Nf3 Nf6 3. Nxe5 Nc6 4. Nxc6 dxc6 5. d3 Bc5 6. Be2 h5 7. h3 Be6 8. c3 Bb6 9. a4 a5 10. Bg5 Qd7 11. Nd2 O-O-O 12. Nc4 Bxc4 13. dxc4 Qe6 14. Qc2 Bxf2+ 15. Kxf2 Nxe4+ 16. Kg1 Nxg5 17. Rd1 Qe3+ 18. Kf1 Ne4 19. Rxd8+ Rxd8 20. Bf3 Rd2 21. Qxd2 Nxd2# 0-1

[Event "Live Chess"]
[Site "Chess.com"]
[Date "2024.06.02"]
[Round "-"]
[White "WelshTiger"]
[Black "friarnator"]
[Result "1/2-1/2"]
[WhiteElo "2436"]
[BlackElo "2193"]
[TimeControl "300"]
[EndTime "4:35:18 PDT"]
[Termination "Game drawn by repetition"]

1. e4 c5 2. Nf3 d6 3. c3 Nf6 4. h3 g6 5. Bd3 Bg7 6. Bc2 O-O 7. O-O e5 8. d4 exd4 9. cxd4 cxd4 10. Nxd4 Nc6 11.
Nxc6 bxc6 12. Nc3 d5 13. exd5 cxd5 14. Bg5 Be6 15. Nb5 h6 16. Be3 Bd7 17. Nd4 Ne4 18. Bb3 Qa5 19. Rc1 Rac8 20. Qd3 Rxc1 21. Rxc1 Rc8 22.
Rxc8+ Bxc8 23. Qb5 Qe1+ 24. Qf1 Qxf1+ 25. Kxf1 Nd2+ 26.
Bxd2 Bxd4 27. Bc3 Bxc3 28. bxc3 Be6 29. Ke2 Kf8 30. Ke3 Ke7 31. Kd4 Kd6 32. f4 h5 33. h4 f6 34. Bc2 Bf5 35. Bxf5 gxf5 36. c4 dxc4 37. Kxc4 a6 38. a4 Kc6 39. Kb4 Kb6 40.
a5+ Kc6 41. Kc4 Kd6 42. Kd4 Kc6 43. Kc4 Kd6 44. Kd4 Kc6 45. Kc4 1/2-1/2

[Event "Live Chess"]
[Site "Chess.com"]
[Date "2024.06.02"]
[Round "-"]
[White "GwaryTek"]
[Black "Andriy_Yaremovych"]
[Result "0-1"]
[WhiteElo "1828"]
[BlackElo "1621"]
[TimeControl "300"]
[EndTime "4:35:19 PDT"]
[Termination "Andriy_Yaremovych won on time"]

1. d4 b6 2. c4 Bb7 3. Nc3 Nf6 4.
Nf3 e6 5. Bg5 h6 6. Bh4 Bb4 7.
e3 Bxc3+ 8. bxc3 g5 9. Bg3 d6 10. Bd3 Nbd7 11. O-O Qe7 12. Nd2 O-O-O 13. a4 Ne8 14. a5 f5 15. axb6 axb6 16. Ra7 Nb8 17. c5 dxc5 18. Qa4 Qd7 19. Bb5 Qd5 20. f3 cxd4 21.
cxd4 c6 22. Bc4 Qd7 23. Rb1 b5 24. Rxb7 Qxb7 25. Bxe6+ Nd7 26. Qa5 Nc7 27. Nc4 Kb8 28.
Nd6 Qa7 0-1

[Event "Live Chess"]
[Site "Chess.com"]
[Date "2024.06.02"]
[Round "-"]
[White "Ferrarifan27"]
[Black "PureDashingOctopus"]
[Result "0-1"]
[WhiteElo "2167"]
[BlackElo "2275"]
[TimeControl "300"]
[EndTime "4:36:17 PDT"]
[Termination "PureDashingOctopus won by resignation"]

1. e4 c5 2. Nf3 d6 3. d4 cxd4 4. Nxd4 Nf6 5. Nc3 a6 6. Bg5 e6 7. f4 Be7 8. Qf3 Nbd7 9. O-O-O Qc7 10. g4 b5 11. a3 h6 12. Bxf6 Nxf6 13. h4 Bb7 14.
Bg2 O-O-O 15. g5 hxg5 16. hxg5 Nd7 17. g6 Rxh1 18. Rxh1 Nf8 19. gxf7 Bf6 20. Nde2 Qxf7 21. Qf2 g5 22. fxg5 Bxg5+ 23. Nf4 Qxf4+ 24. Qxf4 Bxf4+ 25. Kb1 Be5 26. Ne2 Nd7 27. Rh6 Rg8 28. Bh3 Bxe4 29. Bxe6 Rg2 30. Nf4 Bxf4 31. Rh8+ Kc7 32. Rh4 Bxc2+ 33.
Ka2 Be5 34. a4 Bb3+ 35. Bxb3 Rxb2+ 36. Ka3 Nc5 37. Rh7+ Kc6 38. axb5+ axb5 39. Rh4 Rxb3+ 40. Ka2 Rb2+ 41. Ka3 b4+ 42. Rxb4 Rxb4 43. Kxb4 Kd5 0-1

[Event "Live Chess"]
[Site "Chess.com"]
[Date "2024.06.02"]
[Round "-"]
[White "Grace6363"]
[Black "ogpin"]
[Result "0-1"]
[WhiteElo "1151"]
[BlackElo "2184"]
[TimeControl "300"]
[EndTime "4:36:29 PDT"]
[Termination "ogpin won on time"]

1. d4 e5 2. dxe5 d6 3. Nf3 Nc6 4.
e3 Bg4 5. h3 Bh5 6. Bb5 dxe5 7.
Qxd8+ Rxd8 8. g4 Bg6 9. Nxe5 Be4 10. Bxc6+ bxc6 11. Rg1 f6 12. f3 Bxc2 13. Nxc6 Rd1+ 14. Kf2 Rxg1 15. Kxg1 Bc5 16. Nc3 h5 17. Bd2 hxg4 18. fxg4 Rxh3 19. Kg2 Rh8 20. Rc1 Bg6 21. Na4 Bd6 22. Rh1 Rxh1 23. Kxh1 Ne7 24. Nxa7 Be4+ 25. Kg1 Ng6 26. Be1 Ne5 27. Nb5 Nf3+ 28. Kf2 Bh2 29. Nac3 Bc6 30. Nd4 Nxd4 31. exd4 g6 32. Ne2 f5 33.
gxf5 gxf5 34. Ng3 f4 35. Nf5 Be4 36. Nh6 Bg3+ 37. Kg1 Bxe1 38. Ng4 Ba8 39. Nf6+ Kf7 40. Ng4 f3 41. Kf1 Bg3 42. Nh6+ Kf8 43. Nf5 Bb7 44. Nxg3 Ke7 45. Kf2 Ke6 46. Ne4 Bxe4 47. b3 Kd5 48. b4 Kxd4 49. a3 Kd5 50. a4 Kd4 51. b5 Kd5 52. a5 Ke5 53. b6 cxb6 54. a6 Ba8 55. a7 Kf4 0-1

[Event "Live Chess"]
[Site "Chess.com"]
[Date "2024.06.02"]
[Round "-"]
[White "booktrunk"]
[Black "blunderabit"]
[Result "0-1"]
[WhiteElo "1496"]
[BlackElo "1760"]
[TimeControl "300"]
[EndTime "4:36:31 PDT"]
[Termination "blunderabit won by resignation"]

1. d4 d5 2. Nc3 c6 3. e4 dxe4 4. Nxe4 Nf6 5. Nxf6+ exf6 6. Qe2+ Be7 7. Nf3 O-O 8. Be3 Re8 9. O-O-O Be6 10. Kb1 Qa5 11. a3 b5 12. Qd2 b4 13. c4 bxc3 14.
Qxc3 Qxc3 15. bxc3 Bxa3 16. Rd2 Nd7 17. Bf4 h5 18. c4 g5 19. Bd6 Bxd6 20. c5 Bf5+ 21. Kb2 Rab8+ 0-1

[Event "Live Chess"]
[Site "Chess.com"]
[Date "2024.06.02"]
[Round "-"]
[White "RG_ChessLegend"]
[Black "defenderalist"]
[Result "0-1"]
[WhiteElo "1509"]
[BlackElo "1533"]
[TimeControl "300"]
[EndTime "4:36:42 PDT"]
[Termination "defenderalist won by resignation"]

1. e4 c5 2. Nf3 d6 3. d4 cxd4 4. Nxd4 Nf6 5. Nc3 a6 6. Be3 g6 7. Bc4 Bg7 8. Bb3 b5 9. a3 Bb7 10. f3 O-O 11. O-O Nbd7 12. Re1 Nc5 13. Nde2 Nxb3 14.
cxb3 Nd7 15. Ng3 Rc8 16. Rc1 Nc5 17. Bxc5 dxc5 18. Qe2 Qb6 19. Kh1 c4 20. bxc4 Rxc4 21. Qe3 Bd4 22. Qe2 Bg7 23. Qe3 Qxe3 24. Rxe3 Bh6 25.
Ree1 Bxc1 26. Rxc1 Rd8 27. h3 Bc6 28. Nge2 a5 29.
Nf4 b4 30. axb4 axb4 31. Nce2 Rxc1+ 32. Nxc1 Rd1+ 0-1

[Event "Live Chess"]
[Site "Chess.com"]
[Date "2024.06.02"]
[Round "-"]
[White "Tilbs_12"]
[Black "JanMur7"]
[Result "0-1"]
[WhiteElo "1654"]
[BlackElo "2291"]
[TimeControl "300"]
[EndTime "4:36:46 PDT"]
[Termination "JanMur7 won by resignation"]

1. d4 Nf6 2. Nc3 d5 3. Bf4 e6 4.
e3 Be7 5. Nb5 Na6 6. Nf3 O-O 7.
c3 c6 8. Na3 c5 9. Nb5 Bd7 10.
a4 Ne4 11. Bd3 cxd4 12. exd4 Bxb5 13. axb5 Nc7 14. b3 Bd6 15. Bxd6 Nxd6 16. O-O Ncxb5 17. Qc2 h6 18. Ne5 Rc8 19. c4 Nxd4 20. Qb2 N4f5 21. Rxa7 Qb6 22. Raa1 dxc4 23. Bxf5 Nxf5 24. Nd7 Qxb3 25.
Qxb3 cxb3 26. Nxf8 Kxf8 27. Rab1 Nd4 28. h3 Rc2 29.
Rfd1 Ne2+ 30. Kf1 Nc3 31. Rd3 Nxb1 32. Rxb3 Nd2+ 33. Ke1 Nxb3 0-1

[Event "Live Chess"]
[Site "Chess.com"]
[Date "2024.06.02"]
[Round "-"]
[White "LL220284LL"]
[Black "Duke_of_Bebington"]
[Result "1-0"]
[WhiteElo "2498"]
[BlackElo "1636"]
[TimeControl "300"]
[EndTime "4:37:04 PDT"]
[Termination "LL220284LL won by checkmate"]

1. e3 d5 2. b3 e5 3. Bb2 Bd6 4. Nf3 f6 5. d3 Be6 6. g3 Qd7 7. Nbd2 Nc6 8. Qe2 O-O-O 9. O-O-O Nge7 10. Kb1 a5 11. h3 Nb4 12. Bg2 Qc6 13. Ne1 Qa6 14.
a3 Nbc6 15. c4 dxc4 16. dxc4 Bf5+ 17. e4 Be6 18. Nc2 Bc5 19. Nf3 Nd4 20. Ncxd4 exd4 21.
Nxd4 Bxd4 22. Bxd4 Nc6 23. Bb2 a4 24. e5 f5 25. Qe3 axb3 26. Qxb3 Bxc4 27. Qc3 Bd3+ 28. Ka1 Rhe8 29. Bxc6 bxc6 30. Rhe1 Be4 31. e6 Re7 32. Rxd8+ Kxd8 33. Rd1+ Ke8 34. g4 g6 35. Qh8# 1-0

[Event "Live Chess"]
[Site "Chess.com"]
[Date "2024.06.02"]
[Round "-"]
[White "missedJariChance"]
[Black "juniortay"]
[Result "0-1"]
[WhiteElo "1353"]
[BlackElo "2355"]
[TimeControl "300"]
[EndTime "4:37:06 PDT"]
[Termination "juniortay won by resignation"]

1. d4 d5 2. c4 e6 3. Nc3 c5 4. cxd5 exd5 5. e3 Nc6 6. Nf3 Nf6 7. Bb5 cxd4 8. exd4 Bd6 9. O-O h6 10. Qb3 O-O 11. Re1 Bg4 12. Ne5 Nxd4 13. Qa4 Nxb5 14. Nxb5 Bxe5 15. Rxe5 Bd7 16. Qb3 Bc6 17. Be3 Ng4 18.
Rf5 Qd7 19. Nd4 Rae8 20. Nxc6 Qxf5 21. Nd4 Qh5 22. h3 Nxe3 23. fxe3 Qg5 24. Re1 Re4 25. Nf3 Qe7 26. Qxd5 Rxe3 27. Rxe3 Qxe3+ 28. Kh2 b6 29. Ne5 Qf4+ 30. g3 Qf2+ 31. Kh1 Qxg3 32. Ng4 Qxh3+ 0-1

[Event "Live Chess"]
[Site "Chess.com"]
[Date "2024.06.02"]
[Round "-"]
[White "ProfPoisson"]
[Black "kylet1990"]
[Result "1-0"]
[WhiteElo "1334"]
[BlackElo "750"]
[TimeControl "300"]
[EndTime "4:37:15 PDT"]
[Termination "ProfPoisson won by resignation"]

1. e4 c6 2. d4 d5 3. exd5 cxd5 4. c4 Bf5 5. Nc3 e6 6. Nf3 Nf6 7. Qb3 Nc6 8. Qxb7 Rb8 9. Qxc6+ Ke7 10. cxd5 Rc8 11. d6+ Qxd6 12. Qxc8 Ne4 1-0

[Event "Live Chess"]
[Site "Chess.com"]
[Date "2024.06.02"]
[Round "-"]
[White "elephantgerrald"]
[Black "f4nomore"]
[Result "0-1"]
[WhiteElo "873"]
[BlackElo "1277"]
[TimeControl "300"]
[EndTime "4:37:38 PDT"]
[Termination "f4nomore won by checkmate"]

1. e4 g6 2. d4 Bg7 3. Nf3 d6 4.
Nc3 Nf6 5. Bf4 O-O 6. Bc4 e6 7. O-O Nc6 8. a3 e5 9. dxe5 dxe5 10. Nxe5 Qxd1 11. Rfxd1 Na5 12. b4 Nxc4 13. Nxc4 Be6 14. Na5 b6 15. Nc6 Nh5 16. Bxc7 Bxc3 17. Rab1 Bg7 18.
f3 Ba2 19. Ne7+ Kh8 20. g4 Nf4 21. e5 Bxb1 22. e6 Nxe6 23. Re1 Bxc2 24. Re5 Bxe5 25. Bxe5+ f6 26. Bxf6+ Rxf6 27. Nxg6+ hxg6 28. h4 Rxf3 29. Kg2 Rxa3 30. h5 gxh5 31. gxh5 Rg8+ 32. Kh1 Be4+ 33.
Kh2 Rd8 34. b5 Rd2+ 35. Kg1 Ra1# 0-1

[Event "Live Chess"]
[Site "Chess.com"]
[Date "2024.06.02"]
[Round "-"]
[White "MaksymYurii"]
[Black "MagnersCarlsberg2870"]
[Result "0-1"]
[WhiteElo "1005"]
[BlackElo "1775"]
[TimeControl "300"]
[EndTime "4:38:11 PDT"]
[Termination "MagnersCarlsberg2870 won by checkmate"]

1. e4 e5 2. Nf3 Nf6 3. Bc4 Bc5 4. d3 Nc6 5. O-O h6 6. Nc3 d6 7. Be3 Bg4 8. Bxc5 dxc5 9. Bxf7+ Kxf7 10. Nxe5+ Nxe5 11. f3 Be6 12. f4 Qd4+ 13. Kh1 Neg4 14. f5 Nf2+ 15. Rxf2 Qxf2 16. fxe6+ Kxe6 17. d4 Rad8 18. d5+ Kd7 19. e5 Ne8 20. Qg4+ Ke7 21. Qe6+ Kf8 22. Ne4 Qf7 23. Qxf7+ Kxf7 24. Rf1+ Ke7 25. e6 Rxd5 26.
Nc3 Rd2 27. Re1 Rf8 28. h3 Rff2 29. Ne4 Rfe2 30. Nxd2 Rxe1+ 31. Kh2 Kxe6 32. c4 Re2 33.
Nb3 b6 34. a4 Nf6 35. a5 Nh5 36. axb6 cxb6 37. Nc1 Rxb2 38. Nd3 Rc2 39. Nf2 Rxf2 40.
h4 a5 41. Kh3 a4 42. g4 Nf4+ 43. Kg3 Nd3 44. g5 hxg5 45. hxg5 Kf5 46. Kh4 Rf4+ 47.
Kg3 Kxg5 48. Kg2 Kg4 49. Kh2 Rf2+ 50. Kg1 Kg3 51. Kh1 Rf1# 0-1

[Event "Live Chess"]
[Site "Chess.com"]
[Date "2024.06.02"]
[Round "-"]
[White "Grace6363"]
[Black "blunderabit"]
[Result "0-1"]
[WhiteElo "1150"]
[BlackElo "1760"]
[TimeControl "300"]
[EndTime "4:38:11 PDT"]
[Termination "blunderabit won by checkmate"]

1. d4 d5 2. c4 dxc4 3. e4 Nf6 4.
e5 Nd5 5. Bxc4 Nb6 6. Bb3 Nc6 7. Nf3 Bf5 8. Bd2 e6 9. Nc3 Nxd4 10. Nxd4 Qxd4 11.
Rc1 Qxe5+ 12. Be3 c6 13. O-O Rd8 14. Qf3 Bd6 15. Rcd1 Qxh2# 0-1

[Event "Live Chess"]
[Site "Chess.com"]
[Date "2024.06.02"]
[Round "-"]
[White "upoe610"]
[Black "KyryloPoluliakh"]
[Result "1-0"]
[WhiteElo "2141"]
[BlackElo "1526"]
[TimeControl "300"]
[EndTime "4:38:25 PDT"]
[Termination "upoe610 won by checkmate"]

1. e4 c5 2. d4 cxd4 3. c3 Nf6 4. e5 Nd5 5. cxd4 Nc6 6. Nf3 d6 7. Nc3 dxe5 8. dxe5 Nxc3 9. Qxd8+ Kxd8 10. bxc3 Bg4 11.
Bf4 e6 12. O-O-O+ Kc7 13. Be2 Bc5 14. h3 Bxf3 15. Bxf3 Bxf2 16. Rhf1 Bb6 17. Bg5 Nxe5 18. Bf4 f6 19. Bxe5+ fxe5 20. Bg4 Rhf8 21. Bxe6 Be3+ 22.
Kc2 Bf4 23. Rd7+ Kc6 24. Rfd1 Bh6 25. Bg4 Rf2+ 26. Kb3 a5 27. Bf3+ Kb6 28. Rxb7+ Kc5 29. Rd5+ Kc6 30. Rdd7+ Rxf3 31. gxf3 a4+ 32. Kc4 e4 33.
fxe4 Bf4 34. Rxg7 a3 35. Rbf7 Ra4+ 36. Kd3 Be5 37. Rxh7 Ra8 38. Rh6+ Kc5 39. Rf5 Re8 40. Rhh5 Kd6 41. Rxe5 Rxe5 42. Rxe5 Kxe5 43. Ke3 Ke6 44. Kd4 Kd6 45. e5+ Kc6 46. Kc4 Kd7 47. Kd5 Ke7 48. e6 Kf6 49. Kd6 Kf5 50. e7 Ke4 51.
e8=Q+ Kd3 52. Qb5+ Kxc3 53. Qb3+ Kd2 54. Qxa3 Ke2 55.
Qc3 Kf2 56. Qd3 Kg2 57. Qe3 Kh2 58. Qf3 Kg1 59. Qe2 Kh1 60. Ke5 Kg1 61. Kf4 Kh1 62.
Kg3 Kg1 63. Qd1# 1-0

[Event "Live Chess"]
[Site "Chess.com"]
[Date "2024.06.02"]
[Round "-"]
[White "ACM42"]
[Black "Dhaydon19"]
[Result "0-1"]
[WhiteElo "2175"]
[BlackElo "2643"]
[TimeControl "300"]
[EndTime "4:38:44 PDT"]
[Termination "Dhaydon19 won by resignation"]

1. e4 c6 2. d4 d5 3. e5 c5 4. c3 cxd4 5. cxd4 Nc6 6. Nc3 e6 7.
Nf3 Nge7 8. Bd3 Nf5 9. Bxf5 exf5 10. O-O Be6 11. a3 Qd7 12. b4 Be7 13. Ng5 O-O 14.
f4 h6 15. Nf3 Rac8 16. Bb2 b6 17. Qd3 a5 18. b5 Na7 19. a4 Rc4 20. Nd2 Rxd4 21. Qxd4 Bc5 22. Ne2 Bxd4+ 23. Bxd4 Rc8 24. Rfc1 Qb7 25. Nf3 Rc4 26. Nd2 Nc8 27. Be3 Ne7 28.
Nd4 Qc7 29. Nxc4 dxc4 30. Nxe6 fxe6 31. g3 Nd5 32. Bd4 c3 33. Ra3 c2 34. Bf2 Qc4 35.
h4 Nb4 36. Bxb6 Nd3 37. Rxd3 Qxd3 0-1

[Event "Live Chess"]
[Site "Chess.com"]
[Date "2024.06.02"]
[Round "-"]
[White "vincents82"]
[Black "Queensandpawns"]
[Result "0-1"]
[WhiteElo "1994"]
[BlackElo "2259"]
[TimeControl "300"]
[EndTime "4:39:07 PDT"]
[Termination "Queensandpawns won by resignation"]

1. e4 d5 2. exd5 c6 3. d4 Nf6 4. Nf3 Qxd5 5. c4 Qa5+ 6. Bd2 Qh5 7. Be2 Qf5 8. Nc3 h5 9. Be3 e6 10. Bd3 Qa5 11. O-O Ng4 12. h3 Nxe3 13. fxe3 Nd7 14. Qe1 Bd6 15. Qf2 Nf6 16. Ne4 Nxe4 17. Bxe4 Bd7 18.
a3 O-O-O 19. b4 Qc7 20. c5 Bg3 21. Qb2 f5 22. Bd3 g5 23. a4 g4 24. Ne5 gxh3 25. b5 hxg2 26. Rfb1 cxb5 27. axb5 Bh2+ 28. Kxg2 Rhg8+ 29. Kf2 Bg3+ 30. Ke2 Bxe5 31. Kd1 Rg1+ 32. Kc2 Rg2+ 0-1

[Event "Live Chess"]
[Site "Chess.com"]
[Date "2024.06.02"]
[Round "-"]
[White "RichardABates"]
[Black "nigelst"]
[Result "1-0"]
[WhiteElo "2335"]
[BlackElo "1733"]
[TimeControl "300"]
[EndTime "4:39:19 PDT"]
[Termination "RichardABates won by checkmate"]

1. d4 Nf6 2. Nf3 e6 3. c4 Bb4+ 4. Bd2 Qe7 5. g3 Nc6 6. Bg2 Bxd2+ 7. Qxd2 Ne4 8. Qc2 Qb4+ 9. Nc3 Nxc3 10. Qxc3 Qxc3+ 11. bxc3 d6 12. O-O Bd7 13. Nd2 O-O 14. Rab1 Na5 15. Bxb7 Rab8 16. Bg2 f5 17. Rb4 Nc6 18. Bxc6 Bxc6 19. Rfb1 Rb6 20. Nb3 Rfb8 21. a3 Be4 22. Rc1 g5 23. f3 Ba8 24. c5 Rb5 25. cxd6 cxd6 26. Kf2 Kf7 27. Nd2 a5 28. Rxb5 Rxb5 29. Nc4 Ke7 30. a4 Rd5 31. Nb6 Bc6 32. Nxd5+ Bxd5 33. c4 Bc6 34. c5 Bxa4 35. Ra1 Bc6 36.
Rxa5 dxc5 37. Rxc5 Bd5 38. Ke3 Kd6 39. Kd3 h5 40. e4 fxe4+ 41. fxe4 Bb7 42. e5+ Kd7 43. Kc4 Ba6+ 44. Kb4 Bd3 45. Ka5 Be4 46. Kb6 h4 47.
gxh4 gxh4 48. Rc7+ Kd8 49. Rg7 h3 50. Kc5 Bg2 51. Kd6 Bd5 52. Rg8# 1-0

[Event "Live Chess"]
[Site "Chess.com"]
[Date "2024.06.02"]
[Round "-"]
[White "E2E4colchester"]
[Black "Harry_Li"]
[Result "0-1"]
[WhiteElo "1366"]
[BlackElo "2165"]
[TimeControl "300"]
[EndTime "4:39:24 PDT"]
[Termination "Harry_Li won by checkmate"]

1. d4 Nf6 2. c4 g6 3. e3 Bg7 4. Nc3 O-O 5. g3 d6 6. Bg2 Nbd7 7.
b3 e5 8. dxe5 dxe5 9. Ba3 Re8 10. Qc2 c6 11. O-O-O Qa5 12. Bd6 e4 13. b4 Qf5 14. c5 a5 15. a3 axb4 16. axb4 b6 17. Na4 Nd5 18. Nxb6 Ra1+ 19. Kd2 Qxf2+ 20. Ne2 Qxe3+ 21.
Ke1 Bc3+ 22. Kf1 Rxd1+ 23. Qxd1 N7xb6 24. cxb6 Qxb6 25. Nxc3 Ne3+ 26. Ke2 Nxd1 27. Rxd1 Bg4+ 28. Ke1 Qe3+ 29. Kf1 Bxd1 30. Nxd1 Qd3+ 31. Kf2 Qd2+ 32. Kf1 Qxd1+ 33. Kf2 e3# 0-1

[Event "Live Chess"]
[Site "Chess.com"]
[Date "2024.06.02"]
[Round "-"]
[White "CarmelJane"]
[Black "ClassyChameleon"]
[Result "0-1"]
[WhiteElo "2035"]
[BlackElo "1546"]
[TimeControl "300"]
[EndTime "4:39:29 PDT"]
[Termination "ClassyChameleon won by resignation"]

1. e4 e5 2. Nf3 Nc6 3. d4 exd4 4. Bc4 Bc5 5. c3 Nge7 6. cxd4 Bb4+ 7. Nc3 Bxc3+ 8.
bxc3 O-O 9. O-O Ng6 10. e5 d5 11. Bd3 Be6 12. Rb1 Na5 13. Ng5 b6 14. Nxe6 fxe6 15.
Bxg6 hxg6 16. Qg4 Qe8 17. Re1 Nc4 18. Rb4 Qf7 19. Qh4 c6 20. Bg5 a5 21. Rbb1 b5 22.
Red1 b4 23. cxb4 axb4 24. Be7 Rfb8 25. Rb3 Ra3 26. Rxb4 Rxb4 27. Bxb4 Rxa2 28. Rb1 Rb2 29. Ra1 Qe8 30. Bc5 Nd2 31. f3 Nb3 32. Rc1 Nxc1 33.
Qe1 Rb1 34. Qh4 Nd3+ 0-1

[Event "Live Chess"]
[Site "Chess.com"]
[Date "2024.06.02"]
[Round "-"]
[White "Trendle"]
[Black "gunslinger222"]
[Result "0-1"]
[WhiteElo "2610"]
[BlackElo "2277"]
[TimeControl "300"]
[EndTime "4:39:37 PDT"]
[Termination "gunslinger222 won by resignation"]

1. e4 e6 2. d4 d5 3. e5 c5 4. c3 Nc6 5. Nf3 Nh6 6. Bxh6 gxh6 7. Bd3 cxd4 8. cxd4 Bg7 9. Na3 O-O 10. O-O f6 11. exf6 Bxf6 12. Nc2 Qe7 13. Qd2 Qg7 14. Rfe1 Kh8 15. Bb5 Ne7 16. Ne3 a6 17. Ba4 b5 18.
Bc2 Nc6 19. Rad1 Bd7 20. h3 Be7 21. Kh1 Bb4 22. Qe2 Bxe1 23. Qxe1 Rxf3 24. gxf3 Nxd4 25. Qc3 Nxf3 26. Ng4 Qxc3 27. bxc3 Kg7 28. Rd3 Ng5 29. Ne5 Be8 30. Rg3 Kf6 31. f4 Ne4 32. Bxe4 dxe4 33. Kg1 Kf5 34. Rg4 h5 35. Rg7 Kxf4 36. Nf7 Ra7 37. Ng5 Rxg7 0-1

[Event "Live Chess"]
[Site "Chess.com"]
[Date "2024.06.02"]
[Round "-"]
[White "RamsayFlayer"]
[Black "Bradfield133"]
[Result "1/2-1/2"]
[WhiteElo "1923"]
[BlackElo "1844"]
[TimeControl "300"]
[EndTime "4:39:37 PDT"]
[Termination "Game drawn by repetition"]

1. e4 c5 2. c3 d5 3. exd5 Qxd5 4. d4 Nc6 5. Nf3 Bg4 6. Be2 Nf6 7. h3 Bh5 8. Be3 cxd4 9. cxd4 e6 10. Nc3 Qd6 11.
Nb5 Qb8 12. g3 Nd5 13. O-O Nxe3 14. fxe3 Qxg3+ 15. Kh1 Qxh3+ 16. Nh2 Bxe2 17. Qxe2 Rc8 18. Rf3 Qh5 19. Raf1 a6 20. Nc3 Bd6 21. Rxf7 Qxf7 22. Rxf7 Kxf7 23. Ne4 Be7 24. Qh5+ g6 25. Ng5+ Bxg5 26.
Qxg5 Kg7 27. Ng4 Rhf8 28. Kg2 Rf5 29. Qh6+ Kg8 30. Qh4 Kg7 31. Qh6+ Kg8 32. Qh4 Kg7 33. Qh6+ 1/2-1/2